 Dungeon Sprint DCSS version 0.28.0-43-g3370ac3207 (webtiles) character file.

Game seed: 16130921424031029857

5974 boopmooplesden the Severer (level 10, -12/105 HPs)
             Began as a Minotaur Fighter on Mar 2, 2022.
             Was an Elder of Okawaru.
             Mangled by a tentacle (19 damage)
             ... attached to a kraken
             ... in the Dungeon (Sprint II: "The Violet Keep of Menkaure").
             The game lasted 00:06:42 (2225 turns).

boopmooplesden the Severer (Minotaur Fighter)       Turns: 2225, Time: 00:06:43

Health: -12/105    AC: 19    Str: 23    XL:     10   Next: 55%
Magic:  9/9        EV: 10    Int:  5    God:    Okawaru [****..]
Gold:   933        SH:  9    Dex: 12    Spells: 9/9 levels left

rFire   . . .      SeeInvis .   a - +1 war axe
rCold   . . .      Faith    .   c - +2 buckler
rNeg    . . .      Spirit   .   d - +3 chain mail {Will+}
rPois   .          Reflect  .   (helmet restricted)
rElec   .          Harm     .   (no cloak)
rCorr   .          Rampage  .   b - +0 pair of gloves
Will    +....      NoTele   +   k - +0 pair of boots
Stlth   ..........              (no amulet)
HPRegen 0.27/turn               (no ring)
MPRegen 0.11/turn               (no ring)

@: no status effects
A: horns 2, retaliatory headbutt
a: Renounce Religion, Heroism, Finesse


You were in the Dungeon.
You worshipped Okawaru.
Okawaru was greatly pleased with you.
You visited 1 branch You collected 1359 gold pieces.
You spent 426 gold pieces at shops.

Inventory:

Hand Weapons
 a - a +1 war axe (weapon)
Armour
 b - a +0 pair of gloves (worn)
 c - a +2 buckler (worn)
 d - a +3 chain mail of willpower (worn)
 k - a +0 pair of boots (worn)
Jewellery
 s - a +6 ring of strength
 v - a ring of protection from cold
Scrolls
 e - a scroll of fear
 j - a scroll of blinking
 r - a scroll of fog
Potions
 f - 3 potions of flight
 h - 5 potions of magic
 i - a potion of heal wounds
 m - a potion of mutation {unknown}
 n - a potion of cancellation {unknown}
 o - 2 potions of attraction {unknown}
 t - 4 potions of resistance {unknown}
 w - a potion of lignification {unknown}


   Skills:
 + Level 15.3 Fighting
 + Level 18.0 Axes
 + Level 14.2 Armour
 + Level 5.2 Dodging
 + Level 12.6 Shields


You had 9 spell levels left.
You didn't know any spells.
Your spell library contained the following spells:

 Spells                   Type           Power      Damage    Failure   Level
 Confusing Touch          Hex            0%         N/A       100%        3
 Petrify                  Tmut/Erth      0%         N/A       100%        4
 Metabolic Englaciation   Hex/Ice        0%         N/A       100%        5
 Yara's Violent Unravell  Hex/Tmut       0%         3d3       100%        5
 Statue Form              Tmut/Erth      0%         N/A       100%        6
 Enfeeble                 Hex            0%         N/A       100%        7


Dungeon Overview and Level Annotations

Branches:
Dungeon (1/1)

Altars:
Cheibriados
Dithmenos
Elyvilon
Fedhas
Gozag
Hepliaklqana
Kikubaaqudgha
Makhleb
Nemelex Xobeh
Okawaru
Qazlal
Ru
Sif Muna
Trog
Uskayaw
Vehumet
Wu Jian
Xom
Yredelemnul
Zin
The Shining One
Beogh
Jiyva
Lugonu

Shops:
D !:=:([?(=:*![[=

Annotations:
D exclusions: oklob plant and orange crystal statue


Innate Abilities, Weirdness & Mutations

You have a pair of horns on your head.
You reflexively headbutt those who attack you in melee.


Message History

The tentacle segment is lightly wounded.
You hit the tentacle but do no damage. The tentacle closely misses you.
The tentacle slaps you!
A tentacle segment comes into view.
You slash the tentacle segment! You headbutt the tentacle segment.
The tentacle segment is severely wounded.
You hit the tentacle.
A tentacle rises from the water!
The tentacle closely misses you.
A tentacle segment comes into view.
You hit the tentacle segment.
The tentacle segment is almost dead.
You hit the tentacle.
You kill the tentacle!
The tentacle slaps you!
* * * LOW HITPOINT WARNING * * *
You slash the tentacle!
The tentacle is moderately wounded.
The kraken squirts a massive cloud of ink into the water!
The tentacle misses you. You furiously retaliate!
You headbutt the tentacle! You closely miss the tentacle.
The tentacle is heavily wounded.
The tentacle closely misses you.
A tentacle rises from the water!
You slash the tentacle!
The tentacle is heavily wounded.
The tentacle slaps you but does no damage.
You slash the tentacle!
The tentacle is severely wounded.
You block the tentacle's attack. The tentacle slaps you!
* * * LOW HITPOINT WARNING * * *
You slash the tentacle!
The tentacle is almost dead.
The tentacle barely misses you.
You hit the tentacle.
The tentacle is almost dead.
You block the tentacle's attack.
You slash the tentacle!
You kill the tentacle!
The kraken squirts a massive cloud of ink into the water!
The tentacle slaps you!!
You die...

#. #)[▓()....[)▓▓
+^##.#)"▓........▓▓
.^.####▓.[[..[..▓▓
#..##.#▓)).....)▓▓
+.^#..#▓...((...▓▓
#..#).#▓..([(..[▓▓
###..##.#▓...([.))▓▓
.###...##▓▓▓▓▓▓▓'▓▓▓▓+▓
.§.≈≈≈≈≈≈≈≈≈≈≈§§@w─X§≈▓
...≈#'########'###.ww≈▓
≈..≈#....._..#§§≈##§§≈▓
≈≈.≈#...._._.#§§§§####▓
≈§≈≈#..._._._#§§§≈≈##
§≈≈≈#.._._._.#≈§≈§≈≈#
≈§≈≈#._._._._#≈≈§§§§+
##§≈#_._._._.#≈≈≈§§§#
.#§§#._._._._#≈≈§§§≈▓


You could see a kraken and 3 tentacles.

Vanquished Creatures
  Kirke (D)
  A yaktaur captain (D)
  A centaur warrior (D)
  A skeletal warrior (D)
  An elephant (D)
  A kobold demonologist (D)
  A yaktaur (D)
  3 polar bears (D)
  A hornet (D)
  2 wyverns (D)
  Menkaure (D)
  7 water moccasins (D)
  4 necrophages (D)
  4 scorpions (D)
  A hell rat (D)
  3 worms (D)
  8 tentacles (D)
41 creatures vanquished.

Vanquished Creatures (others)
  11 tentacles (D)
11 creatures vanquished.

Grand Total: 52 creatures vanquished

Notes
Turn   | Place    | Note
-------+----------+-------------------------------------------
     0 | D        | boopmooplesden the Minotaur Fighter began the quest for the
                  | Orb.
     0 | D        | Reached XP level 1. HP: 19/19 MP: 0/0
     1 | D        | Noticed a scorpion
     1 | D        | Noticed a scorpion
     1 | D        | Noticed a scorpion
     1 | D        | Noticed a scorpion
     4 | D        | Killed a scorpion
     5 | D        | Reached skill level 4 in Axes
     5 | D        | Reached skill level 5 in Shields
     5 | D        | Reached XP level 2. HP: 14/30 MP: 1/1
     5 | D        | Reached XP level 3. HP: 18/37 MP: 2/2
    10 | D        | Killed a scorpion
    11 | D        | Reached XP level 4. HP: 22/45 MP: 3/3
    12 | D        | Killed a scorpion
    13 | D        | Reached skill level 5 in Axes
    13 | D        | Reached XP level 5. HP: 26/53 MP: 4/4
    15 | D        | Reached skill level 6 in Axes
   175 | D        | Noticed a necrophage
   175 | D        | Noticed a necrophage
   175 | D        | Noticed a necrophage
   175 | D        | Noticed a necrophage
   182 | D        | Killed a necrophage
   183 | D        | Reached skill level 7 in Axes
   183 | D        | Reached XP level 6. HP: 60/62 MP: 5/5
   187 | D        | Reached skill level 8 in Axes
   187 | D        | Reached skill level 1 in Dodging
   192 | D        | Reached skill level 10 in Armour
   198 | D        | Reached skill level 10 in Fighting
   198 | D        | Reached skill level 9 in Axes
   198 | D        | Reached XP level 7. HP: 67/72 MP: 6/6
   208 | D        | Noticed a wyvern
   208 | D        | Noticed a wyvern
   214 | D        | Killed a wyvern
   215 | D        | Reached skill level 10 in Axes
   223 | D        | Killed a wyvern
   238 | D        | Found Ismae's Jewellery Shop.
   238 | D        | Found Eneizac's General Store.
   238 | D        | Found Valeon's Book Boutique.
   238 | D        | Found Iffom's Antique Armour Boutique.
   238 | D        | Found Ilai's Jewellery Shop.
   238 | D        | Found Fustrythri's Distillery.
   238 | D        | Found Pawiu's Weapon Boutique.
   317 | D        | Found Gaharuen's Antique Armour Shop.
   317 | D        | Found Marapluisk's Magic Scroll Boutique.
   317 | D        | Found Fireh's Antique Armour Boutique.
   317 | D        | Found Korhiop's Antique Weapon Shop.
   317 | D        | Noticed Menkaure
   317 | D        | Noticed a shining eye
   331 | D        | Killed Menkaure
   332 | D        | Reached skill level 11 in Axes
   332 | D        | Reached skill level 10 in Shields
   332 | D        | Reached XP level 8. HP: 63/82 MP: 7/7
   337 | D        | Found Ustroj's Book Boutique.
   337 | D        | Found Gotang's Jewellery Shop.
   337 | D        | Noticed a shining eye
   337 | D        | Noticed a shining eye
   337 | D        | Noticed an oklob plant
   353 | D        | Found Lisan's Distillery.
   353 | D        | Found Jalukk's Book Shoppe.
   363 | D        | Bought a runed chain mail for 202 gold pieces
   363 | D        | Bought a pair of boots for 121 gold pieces
   381 | D        | Noticed a fire dragon
   382 | D        | Noticed a flying skull
   392 | D        | Bought a pair of gloves for 103 gold pieces
   406 | D        | Noticed a flying skull
   406 | D        | Noticed a flying skull
   431 | D        | Found an opulent altar of Gozag.
   432 | D        | Found a blossoming altar of Fedhas.
   433 | D        | Found a white marble altar of Elyvilon.
   433 | D        | Found a burning altar of Makhleb.
   434 | D        | Found a shadowy altar of Dithmenos.
   434 | D        | Found a corrupted altar of Lugonu.
   435 | D        | Found a snail-covered altar of Cheibriados.
   435 | D        | Found an ancient bone altar of Kikubaaqudgha.
   435 | D        | Found a bloodstained altar of Trog.
   436 | D        | Found a viscous altar of Jiyva.
   436 | D        | Found a shimmering blue altar of Sif Muna.
   437 | D        | Found a hazy altar of Hepliaklqana.
   437 | D        | Found a sacrificial altar of Ru.
   438 | D        | Found a stormy altar of Qazlal.
   438 | D        | Found an ornate altar of the Wu Jian Council.
   439 | D        | Noticed a yaktaur
   439 | D        | Noticed a hornet
   439 | D        | Noticed a polar bear
   439 | D        | Noticed a polar bear
   446 | D        | Killed a polar bear
   447 | D        | Reached skill level 12 in Axes
   447 | D        | Noticed a polar bear
   452 | D        | Killed a polar bear
   452 | D        | Killed a polar bear
   453 | D        | Reached skill level 13 in Axes
   458 | D        | Paralysed by a hornet for 1 turns
   459 | D        | Killed a yaktaur
   460 | D        | Reached skill level 14 in Axes
   469 | D        | Killed a hornet
   470 | D        | Reached XP level 9. HP: 18/92 MP: 8/8
   496 | D        | Found a shimmering altar of Xom.
   498 | D        | Found a sparkling altar of Nemelex Xobeh.
   498 | D        | Found a hide-covered altar of Uskayaw.
   498 | D        | Found a basalt altar of Yredelemnul.
   498 | D        | Found a glowing golden altar of the Shining One.
   499 | D        | Found an iron altar of Okawaru.
   499 | D        | Found a radiant altar of Vehumet.
   499 | D        | Found a glowing silver altar of Zin.
   505 | D        | Noticed an ice statue
   507 | D        | Became a worshipper of Warmaster Okawaru
   692 | D        | Noticed a kraken
   725 | D        | Reached skill level 15 in Axes
  1130 | D        | Noticed an orange crystal statue
  1149 | D        | Noticed Kirke
  1149 | D        | Noticed a yaktaur captain
  1149 | D        | Noticed a skeletal warrior
  1167 | D        | Killed Kirke
  1167 | D        | Reached * piety under Okawaru
  1168 | D        | Reached skill level 16 in Axes
  1172 | D        | Killed a yaktaur captain
  1172 | D        | Reached ** piety under Okawaru
  1173 | D        | Reached XP level 10. HP: 104/104 MP: 9/9
  1174 | D        | Noticed a centaur warrior
  1180 | D        | Noticed an elephant
  1198 | D        | Killed a centaur warrior
  1199 | D        | Reached skill level 17 in Axes
  1204 | D        | Killed an elephant
  1204 | D        | Reached *** piety under Okawaru
  1255 | D        | Noticed an orange demon
  1276 | D        | Reached skill level 15 in Fighting
  1276 | D        | Reached skill level 5 in Dodging
  1282 | D        | Killed a skeletal warrior
  1433 | D        | Reached **** piety under Okawaru
  1434 | D        | Reached skill level 18 in Axes
  1742 | D        | Noticed a golden dragon
  1742 | D        | Noticed a bone dragon
  1743 | D        | Noticed a deep elf high priest
  1743 | D        | Noticed a storm dragon
  2225 | D        | Mangled by a tentacle

Illustrated notes

Levels and vault maps discovered:
D:        the_violet_keep_of_menkaure [sprint2_stairs_cluster_1,
          sprint2_shoproom, sprint2_temple, sprint2_basic_supplies,
          sprint2_obstacle_4, sprint2_obstacle_2, sprint2_obstacle_5,
          sprint2_obstacle_1, sprint2_obstacle_6, sprint2_timed_cluster_1,
          sprint2_smallroom_cluster_1, sprint2_smallroom_final_cluster_1,
          sprint2_transparent_cluster_1, sprint2_second_timed_cluster_1,
          sprint2_sniper_area_1, sprint2_heavy_combat_area_1,
          sprint2_mutation_trap_area_1, sprint2_forest_area_1,
          sprint2_light_combat_area_1, sprint2_behind_water_1,
          sprint2_near_end_vault_1]

Skill      XL: |  1  2  3  4  5  6  7  8  9 10 |
---------------+-------------------------------+-----
Fighting       | 6 7 8 10 11 12 14 15 | 15.3
Axes           | 4 5 7 9 11 14 16 18 | 18.0
Armour         | 6 7 8 9 10 11 12 13 14 | 14.2
Shields        | 5 6 7 8 9 10 11 12 | 12.6
Dodging        | 1 2 3 4 5 |  5.2

Action                   |  1- 3 |  4- 6 |  7- 9 | 10-12 || total
-------------------------+-------+-------+-------+-------++-------
Melee: War axe           |     8 |    32 |    85 |   101 ||   226
       Headbutt          |       |     8 |    13 |    14 ||    35
  Use: Potion            |     1 |       |     5 |     3 ||     9
       Scroll            |       |       |     7 |       ||     7
Armor: Scale mail        |     3 |     6 |     4 |       ||    13
       Chain mail        |       |       |    46 |    30 ||    76
Dodge: Dodged            |     3 |    11 |    37 |    33 ||    84
Block: Buckler           |     3 |     6 |    24 |    45 ||    78
